 Dungeon Crawl Stone Soup version 0.28.0-45-g0d030f2227 (webtiles) character file.

Game seed: 1269647506472404389

18354 Gabide the Thaumaturge (level 12, -5/89 HPs)
             Began as a Mummy Necromancer on Apr 11, 2022.
             Was an Elder of Sif Muna.
             Slain by a wraith (10 damage)
             ... led by Josephine
             ... on level 11 of the Dungeon.
             The game lasted 00:37:22 (18414 turns).

Gabide the Thaumaturge (Mummy Necromancer)         Turns: 18414, Time: 00:37:24

Health: -5/89      AC: 19    Str: 25    XL:     12   Next: 27%
Magic:  9/30       EV: 14    Int: 22    God:    Sif Muna [****..]
Gold:   385        SH:  0    Dex: 13    Spells: 27/40 levels left

rFire   . . .      SeeInvis .   i - +5 spear of the Traitor {pain, Drain Str+8 Int+3}
rCold   + . .      Faith    .   (no shield)
rNeg    + + +      Spirit   .   n - +2 robe {rF+}
rPois   ∞          Reflect  .   w - +2 hat
rElec   .          Harm     .   u - +2 cloak
rCorr   .          Rampage  .   j - +2 pair of gloves
Will    +....                   f - +2 pair of boots
Stlth   ++........              (no amulet)
HPRegen 0.24/turn               g - +6 ring of strength
MPRegen 0.22/turn               k - +4 ring of protection

@: about to teleport, slowed, very slow
A: cold resistance 1, negative energy resistance 3, torment resistance 2, heat
vulnerability 1, no potions
a: Renounce Religion, Channel Magic, Forget Spell, Divine Exegesis


You were on level 11 of the Dungeon.
You worshipped Sif Muna.
Sif Muna was greatly pleased with you.
You visited 2 branches of the dungeon, and saw 13 of its levels.
You also visited: Ossuary.

You collected 719 gold pieces.
You spent 334 gold pieces at shops.

Inventory:

Hand Weapons
 d - a +0 whip of draining
 i - the +5 spear of the Traitor (weapon) {pain, Drain Str+8 Int+3}
   (You found it on level 4 of the Dungeon)

   In the hands of one skilled in necromantic magic, it inflicts extra damage on
   living creatures.
   Str:       It affects your strength (+8).
   Int:       It affects your intelligence (+3).
   Drain:     It drains your maximum health when unequipped.
Missiles
 t - 2 throwing nets
Armour
 f - a +2 pair of boots (worn)
 j - a +2 pair of gloves (worn)
 n - a +2 robe of fire resistance (worn)
 s - a scarf of harm
 u - a +2 cloak (worn)
 w - a +2 hat (worn)
 z - a +0 helmet
 C - the +2 leather armour "Hudehaon" {Rampage rElec rN+}
   (You found it on level 11 of the Dungeon)

   rElec:     It insulates you from electricity.
   rN:        It protects you from negative energy.
   Rampage:   It bestows one free step when moving towards enemies.
 E - a +0 troll leather armour
Jewellery
 g - a +6 ring of strength (left hand)
 k - a +4 ring of protection (right hand)
 q - a ring of flight
Wands
 a - a wand of acid (2)
 e - a wand of iceblast (5)
 y - a wand of mindburst (7)
 D - a wand of digging (4)
 F - a wand of flame (13)
Scrolls
 b - 6 scrolls of teleportation
 c - 9 scrolls of identify
 h - 7 scrolls of immolation
 l - a scroll of vulnerability
 o - a scroll of fog
 p - 2 scrolls of enchant armour
 r - a scroll of magic mapping
 v - 3 scrolls of fear
 x - 2 scrolls of silence
 A - a scroll of amnesia
 B - a scroll of brand weapon


   Skills:
 * Level 6.8 Fighting
 - Level 1.0 Maces & Flails
 + Level 2.8 Polearms
 * Level 6.3 Dodging
 + Level 2.6 Stealth
 - Level 0.1 Unarmed Combat
 * Level 14.9 Spellcasting
 * Level 12.3 Necromancy
 * Level 1.5 Invocations


You had 27 spell levels left.
You knew the following spells:

 Your Spells              Type           Power      Damage    Failure   Level
a - Pain                  Necr           100%       1d9       1%          1
b - Vampiric Draining     Necr           63%        2d10      1%          3
c - Animate Dead          Necr           31%        N/A       1%          4
d - Agony                 Necr           63%        N/A       1%          5

Your spell library contained the following spells:

 Spells                   Type           Power      Damage    Failure   Level
 Animate Skeleton         Necr           100%       N/A       1%          1
 Freeze                   Ice            64%        1d8       3%          1
 Magic Dart               Conj           64%        1d6       3%          1
 Call Imp                 Summ           16%        N/A       5%          2
 Dazzling Flash           Conj/Hex       32%        N/A       11%         3
 Frozen Ramparts          Ice            32%        1d5       11%         3
 Ignite Poison            Fire/Tmut/Pois 16%        N/A       11%         3
 Mephitic Cloud           Conj/Pois/Air  16%        N/A       11%         3
 Stone Arrow              Conj/Erth      32%        3d9       11%         3
 Animate Armour           Summ/Erth      32%        N/A       36%         4
 Hailstorm                Conj/Ice       16%        3d6       36%         4
 Iskenderun's Mystic Bla  Conj/Tloc      16%        2d5       36%         4
 Summon Ice Beast         Ice/Summ       16%        N/A       36%         4
 Freezing Cloud           Conj/Ice/Air   8%         6-21      71%         5
 Iskenderun's Battlesphe  Conj           16%        2d7       71%         5
 Iron Shot                Conj/Erth      8%         9d3       99%         6
 Starburst                Conj/Fire      8%         6d4       99%         6
 Spellforged Servitor     Conj/Summ      8%         N/A       100%        7
 Lehudib's Crystal Spear  Conj/Erth      8%         10d3      100%        8
 Ice Form                 Ice/Tmut       Unusable   N/A       N/A         4

Dungeon Overview and Level Annotations

Branches:
Dungeon (12/15)            Temple (1/1) D:5            Lair (0/6) D:9
    Orc (0/2) D:10        Ossuary (visited)

Altars:
Ashenzari
Cheibriados
Dithmenos
Elyvilon
Fedhas
Gozag
Hepliaklqana
Kikubaaqudgha
Makhleb
Nemelex Xobeh
Okawaru
Qazlal
Ru
Sif Muna
Trog
Uskayaw
Vehumet
Wu Jian
Xom
Yredelemnul
Zin
The Shining One

Shops:
D:6 ?*   D:7 *

Annotations:
D:8 3 runed translucent doors, Ablot's ghost, novice GnWr; CryoSword's ghost, novice FoFi; benitares's ghost, novice DECj
D:12 Josephine


Innate Abilities, Weirdness & Mutations

You are immune to poison.
Your flesh is cold resistant. (rC+)
You are immune to negative energy. (rN+++)
You are immune to unholy pain and torment.
You are vulnerable to heat. (rF-)
You do not drink.


Message History

The wraith misses the human.
The wraith hits you but does no damage. The wraith misses you. x2
Press: ? - help, v - describe, . - travel
Here: a human (wandering, peaceful)
The floor.
Unknown command.
The wraith misses you. The wraith hits you but does no damage.
The wraith hits you but does no damage. x2
The wraith hits you but does no damage. The wraith misses you.
The wraith barely misses you. The wraith barely misses you.
The wraith closely misses you. The wraith hits you!
* * * LOW HITPOINT WARNING * * *
The wraith hits you but does no damage. The wraith barely misses you.
Things that are here:
a +0 falchion; a +0 dire flail; a +0 giant club The wraith hits you!
* * * LOW HITPOINT WARNING * * *
The wraith completely misses you.
There is a stone staircase leading up here.
The wraith barely misses you. The wraith misses you.
The wraith hits you but does no damage. The wraith hits you.
* * * LOW HITPOINT WARNING * * *
The wraith drains your vigour!
You feel as though you will be slow longer.
You climb upwards.
There is a stone staircase leading down here.
As you read the scroll of teleportation, it crumbles to dust.
You feel strangely unstable. The wraith hits you but does no damage.
The wraith hits you!
* * * LOW HITPOINT WARNING * * *
The wraith closely misses you. x2; The wraith completely misses you.
Okay, then.
Aiming: Corrosive Bolt
Press: ? - help, Shift-Dir - straight line, f - wraith
Aim: a wraith (71% to hit)
The bolt of acid hits the wraith.
The wraith is lightly damaged.
The wraith hits you!
You die...

#......# #.......#
######## #.####### #####
#.# ....# #.# ###.# ###
#.# .##.###.## #.#
#........# #.# ##########
.##.###.####.###WW......#
###.# #.###...##@######.#
....# #.##.....#W# #.#
##### #..........# #.#
....# ######.##### #.#
###.# #.# #.# # #.# #.#
#.# ###.# ##+## #.# ..#.#
##...## #.# #.#.#
##.....## ##.####


You could see 3 wraiths.

Vanquished Creatures
  Kirke (D:12)
  A two-headed ogre (D:12)
  A manticore (D:10)
  3 kobold demonologists
  An unseen horror (D:11)
  A tengu conjurer (D:9)
  2 polar bears (D:10)
  2 trolls
  4 slime creatures
  Grinder (D:2)
  2 centaur simulacra (D:10)
  A vampire (D:11)
  A spriggan (D:8)
  2 wyverns
  A water elemental (D:11)
  11 yaks
  Eustachio (D:4)
  A death yak simulacrum (D:12)
  8 vampire mosquitoes
  Menkaure (D:4)
  An acid dragon (D:10)
  Duvessa (D:6)
  3 water moccasins (D:9)
  2 sky beasts
  3 black bears
  8 ice beasts
  11 orc warriors
  An ogre (shapeshifter) (D:9)
  A necrophage (D:8)
  3 ogres
  5 centaurs
  A kobold brigand (D:8)
  3 bullfrogs
  A wyvern zombie (D:7)
  A two-headed ogre simulacrum (D:12)
  4 scorpions
  Dowan (D:6)
  A water moccasin skeleton (D:4)
  11 killer bees
  4 wights (D:10)
  7 centaur zombies
  A bullfrog zombie (D:5)
  A hound (D:5)
  A jelly (D:5)
  A bullfrog skeleton (D:6)
  8 orc priests
  Jessica (D:3)
  2 iguanas
  14 orc wizards
  A polar bear simulacrum (D:12)
  A scorpion zombie (D:5)
  2 spriggan simulacra (D:12)
  8 mummies (Ossuary)
  A howler monkey zombie (D:9)
  4 gnolls (D:7)
  A howler monkey skeleton (D:4)
  4 adders
  A shadow imp (D:6)
  4 white imps
  A howler monkey simulacrum (D:10)
  2 ufetubi (D:10)
  2 worms (D:2)
  4 dart slugs
  52 orcs
  3 endoplasms
  2 giant cockroaches
  7 goblins
  6 hobgoblins
  6 jackals (D:1)
  3 quokkas
  5 ball pythons
  2 bats (D:2)
  3 frilled lizards
  2 hobgoblin zombies (Ossuary)
  10 kobolds
  5 kobold zombies (Ossuary)
  An orc zombie (Ossuary)
  6 rats
297 creatures vanquished.

Vanquished Creatures (collateral kills)
  A slime creature (D:9)
  A centaur warrior (D:9)
  A yak (D:9)
  A water moccasin (D:9)
  An orc warrior (D:9)
  A bullfrog (D:9)
  2 orc priests
8 creatures vanquished.

Vanquished Creatures (others)
  55 fungi (D:9)
  49 plants (D:9)
104 creatures vanquished.

Grand Total: 409 creatures vanquished

Notes
Turn   | Place    | Note
-------+----------+-------------------------------------------
     0 | D:1      | Gabide the Mummy Necromancer began the quest for the Orb.
     0 | D:1      | Reached XP level 1. HP: 13/13 MP: 4/4
   269 | D:1      | Reached XP level 2. HP: 19/19 MP: 1/5
   316 | D:1      | Reached skill level 3 in Spellcasting
  1298 | D:1      | Reached XP level 3. HP: 25/25 MP: 4/7
  1304 | D:1      | Learned a level 3 spell: Vampiric Draining
  1571 | D:2      | Found a faded altar of an unknown god.
  2670 | D:3      | Noticed Jessica
  2676 | D:3      | Killed Jessica
  2677 | D:3      | Reached skill level 4 in Spellcasting
  2677 | D:3      | Reached XP level 4. HP: 29/31 MP: 6/10
  2975 | D:3      | Noticed Grinder
  2989 | D:3      | Paralysed by Grinder for 7 turns
  3136 | D:3      | Paralysed by Grinder for 4 turns
  3143 | D:2      | Paralysed by Grinder for 4 turns
  3468 | D:2      | Killed Grinder
  3469 | D:2      | Reached skill level 1 in Fighting
  3469 | D:2      | Reached skill level 5 in Spellcasting
  3469 | D:2      | Reached skill level 5 in Necromancy
  3469 | D:2      | Reached XP level 5. HP: 7/37 MP: 10/12
  3469 | D:2      | Reached XP level 6. HP: 8/43 MP: 10/13
  4706 | D:4      | Noticed Eustachio
  4718 | D:4      | Killed Eustachio
  4719 | D:4      | Reached skill level 1 in Maces & Flails
  5125 | D:4      | Reached XP level 7. HP: 46/50 MP: 9/15
  5223 | D:4      | Identified the +5 spear of the Traitor {pain, Drain Str+8
                  | Int+3}
  5340 | D:4      | Noticed Menkaure
  5346 | D:4      | Killed Menkaure
  5347 | D:4      | Reached skill level 6 in Spellcasting
  5821 | D:4      | Found the +7 Kryia's mail coat {PotionHeal*2 rC+}
  6100 | D:5      | Entered Level 5 of the Dungeon
  6100 | D:5      | Found a blossoming altar of Fedhas.
  6210 | D:5      | Learned a level 4 spell: Animate Dead
  6217 | D:5      | Learned a level 5 spell: Agony
  6219 | D:5      | Noticed a yak
  6280 | D:5      | Noticed a yak
  6281 | D:5      | Noticed a yak
  6281 | D:5      | Noticed a yak
  6287 | D:5      | Killed a yak
  6288 | D:5      | Reached skill level 7 in Spellcasting
  6294 | D:5      | Killed a yak
  6295 | D:5      | Reached XP level 8. HP: 36/57 MP: 3/19
  6305 | D:5      | Reached skill level 8 in Spellcasting
  6796 | D:5      | Found a staircase to the Ecumenical Temple.
  6886 | Temple   | Entered the Ecumenical Temple
  6898 | Temple   | Became a worshipper of Sif Muna the Loreminder
  7665 | D:6      | Reached skill level 9 in Spellcasting
  7812 | D:6      | Found a sand-covered staircase.
  7830 | Ossuary  | Entered an ossuary
  7864 | Ossuary  | Reached XP level 9. HP: 25/64 MP: 22/22
  7932 | Ossuary  | Reached * piety under Sif Muna
  8212 | D:6      | Noticed Dowan
  8214 | D:6      | Killed Dowan
  8214 | D:6      | Noticed Duvessa
  8221 | D:6      | Killed Duvessa
  8407 | D:6      | Found a broken altar of Ashenzari.
  8438 | D:6      | Found Iemay's Incredible Inventory.
  8553 | D:6      | Bought a scroll of immolation for 52 gold pieces
  8556 | D:6      | Found Hal Xole's Magic Scroll Shoppe.
  8570 | D:6      | Bought a scroll of fog for 24 gold pieces
  8570 | D:6      | Bought a scroll of identify for 24 gold pieces
  8570 | D:6      | Bought a scroll of teleportation for 36 gold pieces
  8570 | D:6      | Bought a scroll of summoning for 114 gold pieces
  8570 | D:6      | Bought a scroll of identify for 24 gold pieces
  8570 | D:6      | Bought a scroll of identify for 24 gold pieces
  8570 | D:6      | Bought a scroll of teleportation for 36 gold pieces
  8692 | D:6      | Reached skill level 10 in Spellcasting
  9172 | D:7      | Noticed a kobold demonologist
  9178 | D:7      | Killed a kobold demonologist
  9624 | D:7      | Found Ythagg's General Store.
 10355 | D:8      | Reached skill level 11 in Spellcasting
 10426 | D:8      | Reached XP level 10. HP: 66/73 MP: 21/25
 10429 | D:8      | Reached ** piety under Sif Muna
 10632 | D:8      | Found a sacrificial altar of Ru.
 10647 | D:8      | Reached skill level 5 in Fighting
 11056 | D:8      | Found a runed translucent gate.
 11056 | D:8      | Found a runed translucent gate.
 11056 | D:8      | Found a runed translucent gate.
 11056 | D:8      | Noticed CryoSword's ghost (novice FoFi)
 11056 | D:8      | Noticed benitares's ghost (novice DECj)
 11056 | D:8      | Noticed Ablot's ghost (novice GnWr)
 11272 | D:8      | Reached skill level 10 in Necromancy
 11757 | D:9      | Noticed a centaur warrior
 11773 | D:9      | Killed a centaur warrior
 11774 | D:9      | Reached skill level 12 in Spellcasting
 12004 | D:9      | Reached skill level 5 in Dodging
 12194 | D:9      | Found a staircase to the Lair.
 12239 | D:9      | Reached *** piety under Sif Muna
 12422 | D:9      | Reached XP level 11. HP: 81/81 MP: 17/27
 12743 | D:9      | Reached skill level 13 in Spellcasting
 12850 | D:10     | Entered Level 10 of the Dungeon
 13021 | D:10     | Found a staircase to the Orcish Mines.
 13782 | D:10     | Reached skill level 1 in Polearms
 13868 | D:10     | Reached **** piety under Sif Muna
 14218 | D:11     | HP: 3/81 [vampire mosquito (9)]
 15186 | D:10     | Reached skill level 14 in Spellcasting
 16314 | D:11     | Identified the +2 leather armour "Hudehaon" {Rampage rElec
                  | rN+}
 16778 | D:12     | Reached XP level 12. HP: 65/89 MP: 7/30
 17181 | D:12     | Noticed a two-headed ogre
 17733 | D:12     | Killed a two-headed ogre
 17786 | D:12     | Reached skill level 1 in Invocations
 18388 | D:12     | Noticed Josephine
 18388 | D:12     | Noticed Kirke
 18401 | D:12     | Killed Kirke
 18413 | D:11     | HP: 4/89 [wraith[Josephine] (9)]
 18414 | D:11     | Slain by a wraith

Illustrated notes

Levels and vault maps discovered:
D:1:      dpeg_arrival_shrine, layout_basic, minmay_cupped
D:2:      layout_loops_ring, ebering_ecumenical_altar_sacrificial
D:3:      layout_basic, chequers_serial_rivers_large_b, uniq_grinder,
          uniq_jessica
D:4:      layout_loops_corners, uniq_menkaure, uniq_eustachio
D:5:      layout_loops_ring, fedhas_altar_1, minmay_temple_entry_glassed_door
D:6:      layout_gridville, mainiacjoe_overflow_surrounded_room,
          chequers_ossuary_entry_cave, serial_shops,
          nicolae_shop_advertising_works [nicolae_subvault_shop_adworks],
          nicolae_alphabet_shops, grunt_ministairs_4, uniq_duvessa
D:7:      layout_basic, serial_shops, kennysheep_mini_moat
D:8:      layout_rooms, mainiacjoe_overflow_alcove_1, gammafunk_ghost_cemetery,
          the_hattery
D:9:      layout_rooms, due_lair_maze_entry_diamond, minmay_checkerbox
D:10:     layout_roguey, hiddenorc2_lemuel, serial_ice, serial_ice_m,
          serial_ice_i, serial_ice_f, serial_ice_h, serial_ice_e, serial_ice_c,
          hangedman_corner_corridor
D:11:     layout_loops_corners
D:12:     layout_big_octagon, portal_ice_cave_entry_ice_simulacra,
          uniq_josephine, uniq_kirke
Temple:   mainiacjoe_temple_bowtie_tessellation

Skill      XL: |  1  2  3  4  5  6  7  8  9 10 11 12 |
---------------+-------------------------------------+-----
Spellcasting   | 3 4 5 7 9 11 12 14 | 14.9
Fighting       | 1 2 3 4 5 6 |  6.8
Dodging        | 2 3 4 5 6 |  6.3
Necromancy     | 5 6 7 9 10 12 | 12.3
Maces & Flails | 1 |  1.0
Stealth        | 2 |  2.6
Polearms       | 2 |  2.8
Invocations    | 1 |  1.5
Unarmed Combat | |  0.1

Action                   |  1- 3 |  4- 6 |  7- 9 | 10-12 || total
-------------------------+-------+-------+-------+-------++-------
Melee: Unarmed           |    20 |       |       |       ||    20
       Whip              |     7 |    82 |       |       ||    89
       Punch             |       |     1 |       |     4 ||     5
       Spear             |       |       |   120 |   368 ||   488
 Cast: Pain              |    89 |    15 |   107 |       ||   211
       Vampiric Draining |       |     5 |    41 |   168 ||   214
       Animate Dead      |       |       |     6 |     1 ||     7
       Agony             |       |       |     4 |    12 ||    16
Evoke: Wand              |       |       |     4 |    11 ||    15
  Use: Scroll            |       |     6 |     3 |    13 ||    22
 Stab: Sleeping          |       |       |     1 |     5 ||     6
       Distracted        |       |       |       |     2 ||     2
Armor: Robe              |     7 |    30 |    45 |   307 ||   389
Dodge: Dodged            |    31 |    74 |    79 |   414 ||   598
